Map: 어비설 리프 - 래더

Players

Patience - Winner!

  • Race: Protoss Protoss
  • Spawn Location: 5:00

ArT

  • Race: Protoss Protoss
  • Spawn Location: 11:00

Event: IEM XI Katowice - World Championship 2017

VOD

Have the link to the VOD?

Description

Time

  • Played on: Feb. 28, 2017, 9:29 a.m.
  • Length: 12:07

All games in this series

Show
View Real Time Build Order
Export as new Build Order

Patience Protoss - Winner!

Build Orders:  

Get SALT Encoding   

  12  0:01  Probe (Chrono Boost)  
  13  0:11  Probe (Chrono Boost)  
  14  0:17  Pylon  
  14  0:22  Probe (Chrono Boost)  
  15  0:35  Probe (Chrono Boost)  
  16  0:37  Gateway  
  16  0:42  Assimilator  
  16  0:46  Probe (Chrono Boost)  
  17  0:52  Assimilator  
  17  0:56  Probe (Chrono Boost)  
  18  1:04  Gateway  
  18  1:08  Probe (Chrono Boost)  
  20  1:18  Probe (Chrono Boost)  
  20  1:24  Cybernetics Core  
  20  1:29  Probe (Chrono Boost)  
  21  1:34  Pylon  
  21  1:39  Probe (Chrono Boost)  
  22  1:50  Probe (Chrono Boost)  
  22  1:54  Warp Gate  
  25  2:01  Mothership Core (Chrono Boost)  
  25  2:04  Stalker x2  
  29  2:14  Pylon  
  29  2:20  Probe (Chrono Boost)  
  30  2:34  Stalker x2  
  34  2:42  Probe (Chrono Boost)  
  35  3:04  Nexus  
  35  3:10  Pylon  
  35  3:22  Stalker  
  35  3:24  Stalker  
  39  3:32  Probe (Chrono Boost)  
  40  3:37  Pylon  
  40  3:46  Gateway  
  41  3:49  Probe (Chrono Boost)  
  41  3:59  Probe (Chrono Boost)  
  42  4:11  Stalker x2  
  47  4:17  Probe (Chrono Boost)  
  47  4:18  Probe (Chrono Boost)  
  46  4:27  Probe (Chrono Boost)  
  46  4:28  Probe (Chrono Boost)  
  46  4:30  Twilight Council  
  43  4:38  Adept  
  45  4:39  Adept  
  45  4:41  Probe (Chrono Boost)  
  45  4:44  Probe (Chrono Boost)  
  49  4:52  Probe (Chrono Boost)  
  50  4:54  Probe (Chrono Boost)  
  51  5:02  Resonating Glaives  
  51  5:03  Probe (Chrono Boost)  
  51  5:05  Adept x3  
  58  5:13  Probe (Chrono Boost)  
  55  5:20  Robotics Facility  
  55  5:25  Gateway  
  55  5:27  Adept  
  57  5:29  Adept  
  60  5:36  Sentry, Probe (Chrono Boost)  
  62  5:43  Pylon  
  62  5:45  Pylon  
  62  6:00  Gateway  
  62  6:01  Probe (Chrono Boost)  
  62  6:02  Gateway  
  62  6:03  Probe (Chrono Boost)  
  64  6:05  Gateway  
  64  6:07  Observer  
  64  6:08  Gateway  
  65  6:11  Sentry x2  
  65  6:14  Assimilator  
  65  6:15  Probe x2 (Chrono Boost)  
  71  6:26  Warp Prism  
  71  6:29  Pylon  
  71  6:32  Pylon  
  73  6:41  Nexus  
  73  6:45  Pylon  
  73  6:47  Pylon  
  73  6:56  Probe x2 (Chrono Boost)  
  74  7:13  Adept x5  
  74  7:14  Adept  
  84  7:16  Adept  
  84  7:42  Adept x2  
  84  7:43  Adept x5  
  90  8:08  Adept x5  
  90  8:09  Adept x2  
  104  8:15  Probe (Chrono Boost)  
  104  8:16  Probe x2 (Chrono Boost)  
  107  8:26  Adept  
  107  8:27  Adept  
  111  8:34  Probe (Chrono Boost)  
  110  8:35  Probe x2 (Chrono Boost), Immortal  
  114  8:54  Blink  
  98  9:06  Adept  
  98  9:07  Adept x6, Probe x2 (Chrono Boost)  
  98  9:08  Probe (Chrono Boost)  
  105  9:18  Immortal  
  99  9:26  Probe x3 (Chrono Boost)  
  102  9:31  Sentry x2  
  102  9:32  Sentry x2  
  102  9:33  Adept x3  
  116  9:41  Assimilator  
  116  9:42  Pylon  
  116  9:56  Stalker  
  116  9:57  Stalker x4  
  124  10:01  Stalker  
  124  10:02  Stalker  
  128  10:11  Pylon  
  128  10:12  Pylon  
  108  10:21  Stalker x2  
  108  10:22  Stalker x2  
  104  10:38  Stalker x2  
  104  10:45  Stalker x2  
  108  10:52  Adept x2  
  110  10:58  Assimilator  
  110  11:01  Assimilator  
  110  11:03  Pylon  
  106  11:16  Stalker x4  
  112  11:19  Stalker  
  104  11:26  Stalker x2  
  78  11:41  Adept x4  
  78  11:45  Adept  
  78  11:50  Stalker  
  78  11:51  Stalker  
  66  11:55  Probe (Chrono Boost)  
Show
View Real Time Build Order
Export as new Build Order

ArT Protoss 

Build Orders:  

Get SALT Encoding   

  12  0:00  Probe (Chrono Boost)  
  13  0:11  Probe (Chrono Boost)  
  14  0:17  Pylon  
  14  0:22  Probe (Chrono Boost)  
  16  0:35  Probe (Chrono Boost)  
  16  0:36  Gateway  
  16  0:42  Assimilator  
  16  0:46  Probe (Chrono Boost)  
  17  0:51  Assimilator  
  17  0:56  Probe (Chrono Boost)  
  18  1:07  Gateway, Probe (Chrono Boost)  
  19  1:17  Probe (Chrono Boost)  
  20  1:23  Cybernetics Core  
  20  1:28  Probe (Chrono Boost)  
  21  1:34  Pylon  
  21  1:39  Probe (Chrono Boost)  
  22  1:49  Probe (Chrono Boost)  
  23  1:57  Warp Gate  
  23  2:02  Stalker x2  
  23  2:04  Mothership Core (Chrono Boost)  
  29  2:16  Pylon  
  30  2:24  Probe (Chrono Boost)  
  30  2:34  Stalker x2  
  34  2:39  Probe (Chrono Boost)  
  35  3:06  Nexus  
  35  3:10  Pylon  
  35  3:13  Sentry  
  35  3:14  Sentry  
  39  3:28  Robotics Facility  
  39  3:31  Probe (Chrono Boost)  
  41  3:41  Probe (Chrono Boost)  
  41  3:43  Twilight Council  
  41  3:52  Probe (Chrono Boost)  
  42  4:01  Stalker x2  
  42  4:18  Immortal  
  42  4:19  Pylon  
  44  4:31  Stalker  
  46  4:35  Stalker  
  48  4:41  Probe (Chrono Boost)  
  48  4:42  Probe (Chrono Boost)  
  50  4:51  Probe (Chrono Boost)  
  52  4:54  Probe (Chrono Boost)  
  52  4:55  Adept  
  52  4:59  Adept  
  55  5:06  Blink, Probe x2 (Chrono Boost)  
  55  5:16  Probe (Chrono Boost)  
  55  5:18  Probe (Chrono Boost), Warp Prism  
  59  5:28  Probe (Chrono Boost)  
  60  5:30  Probe (Chrono Boost)  
  61  5:38  Probe (Chrono Boost)  
  61  5:40  Pylon  
  62  5:46  Probe (Chrono Boost)  
  64  5:50  Probe (Chrono Boost)  
  64  5:52  Nexus  
  65  5:58  Observer, Probe (Chrono Boost)  
  65  6:02  Sentry  
  65  6:03  Probe (Chrono Boost)  
  69  6:04  Assimilator  
  69  6:10  Probe (Chrono Boost)  
  70  6:12  Pylon  
  70  6:14  Probe (Chrono Boost)  
  70  6:18  Assimilator, Pylon  
  71  6:22  Probe (Chrono Boost), Immortal  
  72  6:30  Probe (Chrono Boost)  
  77  6:34  Adept x2  
  77  6:39  Probe (Chrono Boost)  
  82  6:42  Probe (Chrono Boost)  
  83  6:49  Robotics Bay  
  83  6:51  Probe (Chrono Boost)  
  84  6:57  Gateway  
  84  7:02  Gateway  
  85  7:08  Probe (Chrono Boost)  
  85  7:11  Gateway  
  85  7:12  Gateway  
  85  7:16  Sentry  
  85  7:17  Sentry  
  89  7:26  Forge  
  89  7:27  Probe (Chrono Boost)  
  89  7:29  Probe (Chrono Boost)  
  91  7:32  Disruptor  
  91  7:34  Probe (Chrono Boost)  
  92  7:39  Resonating Glaives  
  92  7:41  Stalker  
  92  7:42  Stalker  
  94  7:58  Probe (Chrono Boost)  
  94  8:01  Protoss Ground Weapons Level 1  
  94  8:04  Stalker x2  
  97  8:10  Pylon  
  97  8:11  Pylon  
  97  8:24  Disruptor, Pylon  
  95  8:28  Pylon  
  94  8:45  Nexus  
  93  8:49  Adept x3  
  98  8:58  Disruptor  
  84  9:15  Probe (Chrono Boost)  
  82  9:29  Probe (Chrono Boost)  
  82  9:31  Pylon  
  83  9:32  Disruptor  
  86  9:46  Pylon  
  86  9:48  Pylon  
  86  9:51  Mothership Core (Chrono Boost)  
  88  10:02  Pylon  
  88  10:06  Stalker x5  
  88  10:15  Probe (Chrono Boost)  
  74  10:29  Adept x3  
  77  10:41  Probe x2 (Chrono Boost)  
  76  10:57  Stalker  
  78  11:07  Probe x2 (Chrono Boost)  
  78  11:27  Sentry x3  
  78  11:29  Probe x2 (Chrono Boost)  
  62  11:43  Probe (Chrono Boost)  
  49  11:49  Probe (Chrono Boost)  

Tags
 
Add a new tag
Caveats
  • Supply blocks, unpowered buildings, or Contaminate may cause inaccurate times.
  • Supply counts are checked every 10 seconds.